 Dungeon Crawl Stone Soup version 0.30-a0-996-ga6910c8ee8 (webtiles) character file.

Game seed: 13902475301677581560

10 NinjaNoafa the Caller (level 2, -1/11 HPs)
             Began as a Felid Summoner on Apr 4, 2023.
             Slain by a kobold
             ... wielding a +0 short sword
              (4 damage)
             ... on level 1 of the Dungeon.
             The game lasted 00:01:43 (217 turns).

NinjaNoafa the Caller (Felid Summoner)               Turns: 217, Time: 00:01:43

Health: -1/11      AC:  1    Str:  4    XL:     2   Next: 10%
Magic:  4/6        EV: 17    Int: 16    God:
Gold:   46         SH:  0    Dex: 16    Spells: 4/5 levels left
                                        Lives:  0   Deaths: 0

rFire   . . .      SeeInvis +    (weapon unavailable)
rCold   . . .      Faith    .    (shield unavailable)
rNeg    . . .      Spirit   .    (body armour unavailable)
rPois   .          Reflect  .    (helmet unavailable)
rElec   .          Rampage  .    (cloak unavailable)
rCorr   .                        (gloves unavailable)
Will    .....                    (boots unavailable)
Stlth   ++                       (no amulet)
HPRegen 0.21/turn                (no ring)
MPRegen 0.10/turn                (no ring)

@: quick
A: very small, claws 1, fangs 3, see invisible, speed 1, shaggy fur 1, stealthy
paws, no weapons or thrown items, no armour, multi-lived
a: no special abilities


You were on level 1 of the Dungeon.
You visited 1 branch of the dungeon, and saw 1 of its levels.

You collected 46 gold pieces.

Inventory:

Potions
 b - a potion of attraction {unknown}


   Skills:
 - Level 2.6 Dodging
 - Level 2.6 Stealth
 + Level 2.3 Spellcasting
 + Level 4.2 Summonings


You had 4 spell levels left.
You knew the following spells:

 Your Spells              Type           Power      Damage    Failure   Level
a - Summon Small Mammal   Summ           60%        N/A       3%          1

Your spell library contained the following spells:

 Spells                   Type           Power      Damage    Failure   Level
 Call Imp                 Summ           15%        N/A       5%          2
 Call Canine Familiar     Summ           15%        N/A       11%         3
 Summon Guardian Golem    Hex/Summ       8%         N/A       26%         3
 Summon Lightning Spire   Summ/Air       8%         N/A       63%         4


Dungeon Overview and Level Annotations

Branches:
Dungeon (1/15)

Altars:


Innate Abilities, Weirdness & Mutations

You have sharp claws.
You have razor-sharp teeth.
You have supernaturally acute eyesight. (SInv)
You cover ground quickly. (Speed+)
You are covered in fur. (AC +1)
Your paws help you pounce on unaware monsters.
You are incapable of wielding weapons or throwing items.
You cannot wear armour.
You gain extra lives every three experience levels.


Message History

The jackal attacks as you move away! The jackal completely misses you.
The kobold barely misses your quokka.
Your quokka closely misses the kobold.
You see here a +0 club.
Casting: Summon Small Mammal (safe; 3% risk of failure)
Confirm with . or Enter, or press ? or * to list all spells.
The jackal bites your rat. The jackal misses you.
The jackal barely misses your rat.
Your quokka barely misses the kobold.
The kobold throws a stone.
The stone closely misses your quokka. The stone misses you.
The stone hits the jackal.
The jackal barely misses your rat. The jackal attacks as you move away!
The jackal bites you but does no damage.
A goblin comes into view. It is wielding a +0 dagger.
The jackal bites your rat. The jackal barely misses your rat.
Your quokka barely misses the kobold.
The kobold throws a stone.
The stone closely misses your quokka. The stone hits you.
* * * LOW HITPOINT WARNING * * *
The jackal closely misses you.
Unknown command.
Unknown command.
The jackal bites your rat.
Your rat dies!
Your rat's corpse disappears in a puff of smoke!
Your quokka closely misses the kobold.
The jackal barely misses you. The kobold closely misses your quokka.
You swap places.
The jackal barely misses your quokka.
The kobold hits you with a +0 short sword.
* * * LOW HITPOINT WARNING * * *
You swap places.
The jackal closely misses you.
Your quokka closely misses the kobold.
As you read the scroll labelled ZYLUXANLIPH, it crumbles to dust.
It is a scroll of enchant armour.
You aren't carrying any armour which can be enchanted further.
The jackal bites you.
* * * LOW HITPOINT WARNING * * *
The kobold hits your quokka with a +0 short sword.
Your quokka misses the kobold. The jackal closely misses you.
You swap places.
The kobold hits you with a +0 short sword.
You die...

#..............#
####)#.........#
##.#.........#
#..#######.###
#h## #.#### #h#
#....# #h#
##...# ## #r#
#...###. #@#
#...##.. #K#
#.).##.. .g#
#..)#.†# #.##
###'#'## .>
#....# ##.
#..<.# #. ##.###
#. #######.####
............


You could see 3 jackals, a goblin, a kobold (ally target) and a friendly quokka
(summoned).

Vanquished Creatures
  A goblin (D:1)
1 creature vanquished.

Vanquished Creatures (collateral kills)
  An endoplasm (D:1)
  2 ball pythons (D:1)
  2 kobolds (D:1)
  5 rats (D:1)
10 creatures vanquished.

Grand Total: 11 creatures vanquished

Notes
Turn   | Place    | Note
-------+----------+-------------------------------------------
     0 | D:1      | NinjaNoafa the Felid Summoner began the quest for the Orb.
     0 | D:1      | Reached XP level 1. HP: 7/7 MP: 4/4
   196 | D:1      | Reached XP level 2. HP: 10/11 MP: 0/6
   217 | D:1      | Slain by a kobold

Illustrated notes

Levels and vault maps discovered:
D:1:      dpeg_arrival_ratfight, layout_basic

Action                     || total
---------------------------++-------
  Melee: Unarmed           ||     1
   Cast: Summon Small Mamm ||    17
    Use: Scroll            ||     1
         Potion            ||     1
 Armour: Skin              ||     3
  Dodge: Dodged            ||    30

Table legend: (Time is in decaauts)
 A = Elapsed time spent in this place.
 B = Non-inter-level travel time spent in this place.
 C = Inter-level travel time spent in this place.
 D = Time resting spent in this place.
 E = Time spent auto-exploring this place.
 F = Levels seen in this place.
 G = Mean time per level.
                   A        B        C        D        E       F      G
               +--------+--------+--------+--------+--------+-----+--------+
         Total |    187 |    187 |      0 |      0 |     62 |   1 |  187.0 |
       Dungeon |    187 |    187 |      0 |      0 |     62 |   1 |  187.0 |
               +--------+--------+--------+--------+--------+-----+--------+

Top non-repeatable levels by time:
     D:1: 187 daAuts
